Map: Prion Terraces

Players

AcerNerchio (Nerchio)

  • Race: Zerg Zerg

HyuN - Winner!

  • Race: Zerg Zerg

Event: Gauntlet LotV Series 1 Qualifier 1

VOD

Have the link to the VOD?

Description

Time

  • Played on: Nov. 22, 2015, 4:45 p.m.
  • Length: 7:26

All games in this series

Show
View Real Time Build Order
Export as new Build Order

AcerNerchio Zerg 

Build Orders: Pool First, Zergling Baneling 

Get SALT Encoding   

  12  0:01  Drone  
  13  0:08  Drone  
  14  0:18  Drone, Extractor  
  14  0:32  Spawning Pool  
  14  0:35  Drone  
  14  0:42  Drone, Extractor  
  15  0:51  Overlord  
  15  1:18  Queen  
  15  1:19  Metabolic Boost, Zergling x2  
  15  1:22  Zergling x2  
  19  1:26  Zergling x2  
  19  1:31  Zergling x2  
  21  1:39  Baneling Nest  
  20  1:42  Zergling x2  
  21  1:51  Overlord  
  21  2:03  Zergling x2  
  22  2:13  Zergling x2  
  23  2:26  Zergling x2  
  23  2:27  Zergling x6  
  27  2:30  Baneling x4  
  27  2:36  Zergling x2  
  28  2:43  Baneling  
  28  2:48  Overlord  
  28  2:57  Baneling  
  28  3:05  Zergling x4  
  28  3:09  Zergling x2  
  23  3:20  Zergling x2  
  23  3:29  Zergling x2  
  21  3:38  Baneling x2  
  21  3:43  Zergling x2, Baneling  
  21  3:45  Hatchery  
  21  3:52  Zergling x2  
  22  4:02  Drone x4  
  25  4:09  Baneling x2  
  25  4:13  Drone  
  26  4:24  Queen  
  28  4:32  Drone x2  
  28  4:35  Drone  
  31  4:39  Zergling x2  
  31  4:41  Baneling  
  31  4:43  Baneling  
  31  4:44  Baneling  
  32  4:51  Drone  
  33  4:55  Drone  
  34  5:04  Drone  
  34  5:05  Drone  
  35  5:13  Roach Warren  
  34  5:21  Extractor  
  33  5:25  Drone  
  33  5:26  Drone  
  33  5:27  Drone x2  
  37  5:33  Overlord  
  37  5:35  Overlord  
  37  5:46  Overlord  
  37  5:54  Roach x5  
  47  6:01  Roach  
  49  6:07  Roach  
  49  6:08  Roach x3  
  56  6:11  Roach  
  56  6:18  Roach x2  
  62  6:21  Roach  
  62  6:25  Roach  
  66  6:30  Baneling  
  66  6:31  Baneling  
  63  6:42  Roach  
  59  6:47  Roach  
  59  6:49  Zergling x4  
  59  6:52  Roach x2  
  55  6:54  Roach  
  55  7:00  Roach  
  46  7:02  Zergling x4  
Show
View Real Time Build Order
Export as new Build Order

HyuN Zerg - Winner!

Build Orders: Hatch First 

Get SALT Encoding   

  12  0:01  Drone  
  13  0:13  Overlord  
  13  0:17  Drone  
  14  0:31  Drone  
  14  0:32  Drone  
  16  0:35  Drone  
  17  0:52  Hatchery  
  17  0:54  Drone  
  17  0:58  Drone  
  18  1:05  Extractor  
  17  1:12  Spawning Pool  
  17  1:15  Drone  
  17  1:19  Drone  
  18  1:29  Drone  
  19  1:39  Overlord  
  19  1:54  Drone  
  20  1:59  Queen  
  22  2:01  Drone  
  22  2:03  Queen  
  22  2:04  Drone  
  22  2:07  Metabolic Boost  
  26  2:13  Drone  
  28  2:15  Drone  
  28  2:23  Drone  
  28  2:25  Drone  
  30  2:30  Baneling Nest  
  30  2:34  Zergling x2  
  30  2:39  Queen  
  30  2:40  Spine Crawler  
  30  2:42  Zergling x2  
  32  2:48  Overlord  
  32  2:49  Zergling x2  
  33  2:59  Zergling x4  
  32  3:08  Zergling x2  
  32  3:09  Zergling x6  
  27  3:19  Zergling x2  
  28  3:20  Zergling x2  
  27  3:33  Baneling  
  25  3:34  Baneling  
  25  3:43  Queen  
  27  3:49  Baneling  
  27  3:50  Baneling x2  
  27  4:02  Queen  
  28  4:04  Drone  
  28  4:05  Drone  
  28  4:08  Drone  
  31  4:11  Drone  
  31  4:12  Drone  
  31  4:15  Drone  
  34  4:18  Drone  
  35  4:25  Drone  
  35  4:26  Drone  
  37  4:36  Overlord  
  38  4:38  Drone  
  38  4:40  Extractor  
  38  4:45  Drone  
  38  4:48  Drone, Roach Warren  
  38  4:56  Overlord  
  38  4:58  Drone x3  
  41  5:05  Drone x2  
  43  5:10  Overlord  
  43  5:11  Overlord  
  43  5:32  Roach x6  
  43  5:33  Roach  
  43  5:34  Roach  
  59  5:43  Roach  
  59  5:44  Roach x2  
  59  5:45  Roach  
  67  5:50  Extractor  
  67  5:52  Zergling x2  
  67  5:57  Overlord x2  
  67  6:03  Baneling x5  
  67  6:06  Zergling x6  
  70  6:11  Zergling x2  
  70  6:12  Zergling x2  
  70  6:15  Zergling x2  
  70  6:16  Zergling x4  
  75  6:21  Zergling x4  
  75  6:24  Baneling x2  
  67  6:50  Zergling x4  
  64  6:59  Zergling x16  
Tags
 
Add a new tag
Caveats
  • Supply blocks, unpowered buildings, or Contaminate may cause inaccurate times.
  • Supply counts are checked every 10 seconds.